 Dungeon Crawl Stone Soup version 0.28-a0-1560-g060a6a1bfc (webtiles) character file.

Game seed: 11512050330521391450

810 Essalna the Digger (level 7, -4/36 HPs)
             Began as a Gargoyle Earth Elementalist on Jan 19, 2022.
             Slain by a gnoll sergeant (7 damage)
             ... on level 5 of the Dungeon.
             The game lasted 00:06:47 (5145 turns).

Essalna the Digger (Gargoyle Earth Elementalist)    Turns: 5145, Time: 00:06:48

Health: -4/36      AC:  8    Str: 11    XL:     7   Next: 92%
Magic:  2/13       EV: 12    Int: 18    God:
Gold:   211        SH:  0    Dex: 14    Spells: 5/14 levels left

rFire   . . .      SeeInvis .   q - +5 rapier of Valuable Assets {vamp, rElec Dex+4}
rCold   . . .      Faith    .   (no shield)
rNeg    + . .      Spirit   .   b - +0 robe
rPois   ∞          Reflect  .   (no helmet)
rElec   +          Harm     .   s - +0 cloak
rCorr   .          Rampage  .   l - +0 pair of gloves
Will    .....                   (no boots)
Stlth   ++........              (no amulet)
HPRegen 0.12/turn               f - ring of wizardry
MPRegen 0.13/turn               (no ring)

@: no status effects
A: sickness immunity, AC +4, negative energy resistance 1, electricity
resistance, torment resistance 1, petrification resistance
a: no special abilities


You were on level 5 of the Dungeon.
You visited 1 branch of the dungeon, and saw 5 of its levels.

You collected 211 gold pieces.

Inventory:

Hand Weapons
 g - a +0 dagger of venom
 q - the +5 rapier of Valuable Assets (weapon) {vamp, rElec Dex+4}
   (You found it on level 4 of the Dungeon)

   It occasionally heals its wielder for a portion of the damage dealt when it
   wounds a living foe.
   Dex:       It affects your dexterity (+4).
   rElec:     It insulates you from electricity.
Missiles
 c - 179 stones
Armour
 b - a +0 robe (worn)
 l - a +0 pair of gloves (worn)
 s - a +0 cloak (worn)
Jewellery
 f - a ring of wizardry (left hand)
 o - a ring of flight
 v - a ring of ice
Scrolls
 a - a scroll of magic mapping {unknown}
 e - 3 scrolls of teleportation {unknown}
 h - a scroll of enchant armour {unknown}
 j - a scroll of vulnerability {unknown}
 k - a scroll of holy word {unknown}
 m - a scroll of acquirement {unknown}
 n - a scroll of blinking {unknown}
 p - 4 scrolls of identify {unknown}
 y - a scroll of fog {unknown}
Potions
 d - 2 potions of invisibility {unknown}
 i - a potion of berserk rage {unknown}
 r - a potion of magic {unknown}
 t - a potion of brilliance {unknown}
 u - a potion of cancellation {unknown}
 w - a potion of curing {unknown}
 x - 2 potions of mutation {unknown}


   Skills:
 - Level 1.5 Dodging
 - Level 2.1 Stealth
 + Level 4.3 Spellcasting
 + Level 3.7 Conjurations
 + Level 2.6 Hexes
 + Level 2.8 Summonings
 - Level 0.7 Transmutations
 + Level 6.3 Earth Magic


You had 5 spell levels left.
You knew the following spells:

 Your Spells              Type           Power      Damage    Failure   Level
a - Sandblast             Erth           52%        2d12      1%          1
b - Passwall              Tmut/Erth      13%        N/A       1%          2
c - Stone Arrow           Conj/Erth      44%        3d9       2%          3
d - Summon Guardian Gole  Hex/Summ       13%        N/A       6%          3

Your spell library contained the following spells:

 Spells                   Type           Power      Damage    Failure   Level
 Blink                    Tloc           6%         N/A       9%          2
 Scorch                   Fire           6%         2d5       9%          2
 Inner Flame              Hex/Fire       8%         N/A       10%         3
 Petrify                  Tmut/Erth      16%        N/A       13%         4
 Lesser Beckoning         Tloc           3%         N/A       16%         3
 Cause Fear               Hex            6%         N/A       19%         4
 Flame Wave               Conj/Fire      10%        2d5       26%         4
 Manifold Assault         Tloc           3%         N/A       80%         5
 Summon Cactus Giant      Summ           7%         N/A       93%         6
 Orb of Destruction       Conj           8%         9d6       100%        7
 Spellforged Servitor     Conj/Summ      7%         N/A       100%        7
 Discord                  Hex            6%         N/A       100%        8


Dungeon Overview and Level Annotations

Branches:
Dungeon (5/15)
 Temple: D:4-7

Altars:
Cheibriados
Kikubaaqudgha
Wu Jian


Innate Abilities, Weirdness & Mutations

You are immune to sickness and miasma.
Your stone body is resilient. (AC +4)
You are immune to poison.
You resist negative energy. (rN+)
You are resistant to electric shocks. (rElec)
You are resistant to unholy torment.
You are immune to petrification.


Message History

Aim: a gnoll sergeant, wielding a +0 spear, wearing a +0 ring mail and wearing a +0 buckler (moderately wounded, 86% to hit)
The blast of sand hits the gnoll sergeant but does no damage.
The gnoll sergeant is moderately wounded.
c - 180 stones The gnoll sergeant hits you from afar with a +0 spear.
Casting: Sandblast (safe; 1% risk of failure)
Confirm with . or Enter, or press ? or * to list all spells.
Aiming: Sandblast (safe; 1% risk of failure)
Press: ? - help, Shift-Dir - straight line, f/p - gnoll sergeant
Aim: a gnoll sergeant, wielding a +0 spear, wearing a +0 ring mail and wearing a +0 buckler (moderately wounded, 86% to hit)
The blast of sand hits the gnoll sergeant but does no damage.
The gnoll sergeant is moderately wounded.
c - 179 stones A gnoll comes into view. It is wielding a +0 whip.
The gnoll sergeant closely misses you.
The gnoll shouts!
The gnoll sergeant hits you with a +0 spear!
Things that are here:
a +0 spear; a gnoll corpse You hit the gnoll sergeant.
The gnoll sergeant is moderately wounded.
The gnoll sergeant closely misses you.
You completely miss the gnoll sergeant.
The gnoll sergeant is moderately wounded.
The gnoll sergeant hits you with a +0 spear.
You hit the gnoll sergeant.
The gnoll sergeant is heavily wounded.
The gnoll sergeant hits you with a +0 spear.
You hit the gnoll sergeant but do no damage.
The gnoll sergeant is heavily wounded.
The gnoll sergeant barely misses you.
The gnoll sergeant hits you but does no damage.
You hit the gnoll sergeant.
The gnoll sergeant is severely wounded.
The gnoll sergeant hits you with a +0 spear!
* * * LOW HITPOINT WARNING * * *
The gnoll sergeant barely misses you.
There is an escape hatch in the ceiling here.
The gnoll sergeant hits you from afar with a +0 spear!
You die...

#.# #.# #.#### #...#
#.####.###....# ###..
#...##...####.#####...
###.####.####...##..##
#..# #.....##..#.##
##.#######..#....#
#..# ##...#.###
##.#######..##...#
#@.g.#.......##.#
####g..#####))).##
##..## ####... ##..##
##.. #..g# #.. #.#.#
#.# #..#.# #.# #..##.#
#.# #.# #.# ...


You could see a gnoll sergeant and a gnoll.

Vanquished Creatures
  2 sky beasts (D:5)
  2 necrophages (D:4)
  An ogre (D:4)
  A wyvern zombie (D:5)
  A water moccasin zombie (D:5)
  An orc priest (D:3)
  2 orc wizards (D:5)
  A killer bee zombie (D:5)
  2 gnolls (D:5)
  5 adders
  2 adder skeletons (D:4)
  A worm (D:3)
  A dart slug (D:2)
  10 orcs
  6 ball pythons
  5 bats
  11 endoplasms
  2 giant cockroaches (D:2)
  6 goblins
  5 hobgoblins
  3 jackals (D:2)
  7 kobolds
  2 quokkas
  2 frilled lizards (D:1)
  2 quokka skeletons (D:4)
  8 rats
91 creatures vanquished.

Notes
Turn   | Place    | Note
-------+----------+-------------------------------------------
     0 | D:1      | Essalna the Gargoyle Earth Elementalist began the quest for
                  | the Orb.
     0 | D:1      | Reached XP level 1. HP: 10/10 MP: 3/3
   348 | D:1      | Reached skill level 4 in Earth Magic
   348 | D:1      | Reached XP level 2. HP: 15/15 MP: 3/5
   392 | D:1      | Found a faded altar of an unknown god.
  1166 | D:2      | Reached XP level 3. HP: 18/19 MP: 7/7
  1169 | D:2      | Learned a level 2 spell: Passwall
  1173 | D:2      | Learned a level 3 spell: Stone Arrow
  2409 | D:3      | Reached XP level 4. HP: 24/24 MP: 6/8
  2448 | D:3      | Reached skill level 1 in Conjurations
  2851 | D:4      | Learned a level 3 spell: Summon Guardian Golem
  2890 | D:4      | Found an ancient bone altar of Kikubaaqudgha.
  2970 | D:4      | Identified the +5 rapier of Valuable Assets {vamp, rElec
                  | Dex+4}
  3063 | D:3      | Reached skill level 5 in Earth Magic
  3063 | D:3      | Reached XP level 5. HP: 15/28 MP: 1/9
  3516 | D:3      | Found a snail-covered altar of Cheibriados.
  3516 | D:3      | Found an ornate altar of the Wu Jian Council.
  3701 | D:4      | Noticed an ogre
  3706 | D:4      | Killed an ogre
  3707 | D:4      | Reached skill level 1 in Hexes
  3707 | D:4      | Reached skill level 1 in Summonings
  3707 | D:4      | Reached XP level 6. HP: 29/32 MP: 5/11
  4063 | D:4      | Noticed a necrophage
  4070 | D:4      | Killed a necrophage
  4407 | D:4      | Noticed a necrophage
  4410 | D:4      | Killed a necrophage
  4580 | D:5      | Entered Level 5 of the Dungeon
  4580 | D:5      | Noticed a sky beast
  4587 | D:5      | Reached XP level 7. HP: 30/36 MP: 2/12
  4676 | D:5      | Reached skill level 6 in Earth Magic
  5145 | D:5      | Slain by a gnoll sergeant

Illustrated notes

Levels and vault maps discovered:
D:1:      minmay_arrival_stair_chambers, layout_basic,
          shapermc_ecumenical_altar_mp_ritualfount, patterned_corridor
D:2:      layout_basic, hangedman_decor_points
D:3:      layout_rooms, amethyst_overflow_temple_binary, grunt_decor_clamped
D:4:      minmay_chambers_of_twos, layout_gridville, kiku_gazebo_pond_becter,
          kennysheep_generic_room_7
D:5:      layout_rooms, minmay_hollow_rounded_squares

Skill      XL: |  1  2  3  4  5  6  7 |
---------------+----------------------+-----
Earth Magic    | 4 5 6 |  6.3
Spellcasting   | 3 4 |  4.3
Conjurations   | 1 2 3 |  3.7
Hexes          | 1 2 |  2.6
Summonings     | 1 2 |  2.8
Dodging        | |  1.5
Stealth        | |  2.1
Transmutations | |  0.7

Action                   |  1- 3 |  4- 6 |  7- 9 || total
-------------------------+-------+-------+-------++-------
Melee: Unarmed           |     1 |       |       ||     1
       Dagger            |    58 |     1 |       ||    59
       Rapier            |       |    42 |    10 ||    52
       Punch             |       |     1 |       ||     1
 Cast: Sandblast         |    27 |    34 |     2 ||    63
       Stone Arrow       |       |    16 |    16 ||    32
 Stab: Sleeping          |     1 |     3 |       ||     4
       Distracted        |       |     2 |       ||     2
Armor: Robe              |    19 |    10 |     4 ||    33
Dodge: Dodged            |    47 |    32 |     5 ||    84

Table legend: (Time is in decaauts)
 A = Elapsed time spent in this place.
 B = Non-inter-level travel time spent in this place.
 C = Inter-level travel time spent in this place.
 D = Time resting spent in this place.
 E = Time spent auto-exploring this place.
 F = Levels seen in this place.
 G = Mean time per level.
                   A        B        C        D        E       F      G
               +--------+--------+--------+--------+--------+-----+--------+
         Total |   5154 |   5029 |    125 |      0 |   4375 |   5 | 1030.8 |
       Dungeon |   5154 |   5029 |    125 |      0 |   4375 |   5 | 1030.8 |
               +--------+--------+--------+--------+--------+-----+--------+

Top non-repeatable levels by time:
     D:2: 1422 daAuts
     D:4: 1226 daAuts
     D:1: 980 daAuts
     D:3: 958 daAuts
     D:5: 567 daAuts
